 Dungeon Crawl Stone Soup version 0.21.1-1-g345015f (webtiles) character file.

135 Leafsnail the Chucker (level 5, -2/53 HPs)
             Began as an Ogre Hunter on Feb 25, 2018.
             Slain by Crazy Yiuf
             ... wielding a +2 quarterstaff of chaos
              (3 damage)
             ... on level 2 of the Dungeon.
             The game lasted 00:08:02 (2918 turns).

Leafsnail the Chucker (Ogre Hunter)                 Turns: 2918, Time: 00:08:03

Health: -2/53      AC:  3    Str: 17    XL:     5   Next: 18%
Magic:  0/5        EV: 10    Int: 12    God:
Gold:   110        SH:  0    Dex:  9    Spells: 4/4 levels left

rFire    . . .     SeeInvis .   i - +0 whip
rCold    . . .     Gourm    .   (no shield)
rNeg     . . .     Faith    .   b - +0 robe
rPois    .         Spirit   .   (helmet restricted)
rElec    .         Reflect  .   (no cloak)
rCorr    .         Harm     .   (gloves unavailable)
MR       .....                  (boots unavailable)
Stlth    +.........             (no amulet)
HPRegen  0.17/turn              (no ring)
MPRegen  0.09/turn              (no ring)

@: no status effects
A: large, unfitting armour, tough skin 1
a: no special abilities


You were on level 2 of the Dungeon.
You were hungry.

You visited 1 branch of the dungeon, and saw 2 of its levels.

You collected 110 gold pieces.

Inventory:

Hand Weapons
 a - a +0 short sword
 i - a +0 whip (weapon)
Missiles
 c - a large rock (quivered)
 e - 33 stones
 q - 7 javelins
Armour
 b - a +0 robe (worn)
Jewellery
 t - an uncursed ring of fire {unknown}
Wands
 o - a wand of polymorph (10)
Scrolls
 g - 5 scrolls of teleportation
 h - 2 scrolls of enchant armour {unknown}
 j - 6 scrolls of identify {unknown}
 k - 2 scrolls of amnesia {unknown}
 m - a scroll of magic mapping {unknown}
 n - a scroll of noise {unknown}
 s - 2 scrolls of blinking {unknown}
 u - a scroll of remove curse {unknown}
Potions
 l - 2 potions of agility {unknown}
 p - a potion of flight {unknown}
 r - a potion of curing {unknown}
Comestibles
 f - a ration


   Skills:
 - Level 3.1 Fighting
 + Level 3.9 Maces & Flails
 - Level 4.1 Throwing
 - Level 1.7 Dodging
 - Level 0.6 Stealth


You had 4 spell levels left.
You didn't know any spells.

Dungeon Overview and Level Annotations

Branches:
Dungeon (2/15)

Altars:
Ru

Annotations:
D:2 Crazy Yiuf


Innate Abilities, Weirdness & Mutations

You are too large for most types of armour.
You have tough skin. (AC +1)


Message History

You feel your power leaking away.
Throwing (i - inventory. (,) - cycle):
c - 3 large rocks (quivered)
Press: ? - help, Shift-Dir - straight line, f/p - Crazy Yiuf
Aim: Crazy Yiuf, wielding a quarterstaff of chaos and wearing a cloak (severely wounded)
You throw a large rock.
The large rock barely misses Crazy Yiuf.
Crazy Yiuf completely misses you.
Throwing (i - inventory. (,) - cycle):
c - 2 large rocks (quivered)
Press: ? - help, Shift-Dir - straight line, f/p - Crazy Yiuf
Aim: Crazy Yiuf, wielding a quarterstaff of chaos and wearing a cloak (severely wounded)
You throw a large rock.
The large rock closely misses Crazy Yiuf.
Crazy Yiuf whimpers, "Race!
Lugonu ladder tired."
Crazy Yiuf hits you with a quarterstaff of chaos!
* * * LOW HITPOINT WARNING * * *
You feel your power leaking away.
Crazy Yiuf hits you with a quarterstaff of chaos.
* * * LOW HITPOINT WARNING * * *
Crazy Yiuf burns you.
You die...

#.# #....# ## #.#
♣PPP.♣ .# #######.#
♣♣♣P.♣ .###.......#
♣.♣♣ ...#.#####.#
♣♣.♣ ...#.# #.# ♣.♣♣
.....# #.# ♣♣.♣
..########.# ♣.♣♣
...........# #@#
####.####### #.g.#
.....# #...# ######
#)(.# ##### #####
....# ###.# ##### #.#
#####.#.###### #.#
#........#...########


You could see Crazy Yiuf.

Vanquished Creatures
  4 gnolls (D:2)
  3 adders (D:2)
  A worm (D:2)
  2 dart slugs
  2 leopard geckos
  6 giant cockroaches
  6 goblins
  13 hobgoblins
  6 jackals
  2 kobolds
  4 bats
  3 frilled lizards
  5 rats
  A fungus (D:2)
58 creatures vanquished.

Notes
Turn   | Place    | Note
-------+----------+-------------------------------------------
     0 | D:1      | Leafsnail the Ogre Hunter began the quest for the Orb.
     0 | D:1      | Reached XP level 1. HP: 22/22 MP: 1/1
   458 | D:1      | Reached XP level 2. HP: 29/31 MP: 2/2
   532 | D:1      | Reached skill level 1 in Maces & Flails
   687 | D:1      | Reached XP level 3. HP: 31/37 MP: 3/3
  1526 | D:2      | Reached XP level 4. HP: 26/45 MP: 4/4
  1913 | D:2      | Found a sacrificial altar of Ru.
  2261 | D:2      | Reached XP level 5. HP: 51/53 MP: 5/5
  2900 | D:2      | Found a runed door.
  2904 | D:2      | Noticed Crazy Yiuf
  2918 | D:2      | HP: 1/53 [Crazy Yiuf/quarterstaff of chaos (5)]
  2918 | D:2      | Slain by Crazy Yiuf

Skill      XL: |  1  2  3  4 |
---------------+-------------+-----
Fighting       | 3 |  3.1
Maces & Flails | 1 2 3 |  3.9
Throwing       | |  4.1
Dodging        | |  1.7
Stealth        | |  0.6

Action                   |  1- 3 |  4- 6 || total
-------------------------+-------+-------++-------
Melee: Short sword       |    47 |       ||    47
       Whip              |   110 |   169 ||   279
Throw: Stone             |    28 |    45 ||    73
       Large rock        |     4 |     4 ||     8
       Throwing net      |       |     2 ||     2
  Use: Scroll            |       |     1 ||     1
 Stab: Sleeping          |     1 |       ||     1
  Eat: Chunk             |     2 |     4 ||     6
Armor: Robe              |    46 |    31 ||    77
Dodge: Dodged            |    75 |    70 ||   145
